Map: Molten Temple

Players

VaeVictis

  • Race: Zerg Zerg
  • Spawn Location: 9:00

Xpymct

  • Race: Zerg Zerg
  • Spawn Location: 9:00

TitanStorm

  • Race: Protoss Protoss
  • Spawn Location: 9:00

Seaflow - Winner!

  • Race: Protoss Protoss
  • Spawn Location: 3:00

DeMonSter - Winner!

  • Race: Protoss Protoss
  • Spawn Location: 3:00

Amix - Winner!

  • Race: Protoss Protoss
  • League: Platinum
  • Spawn Location: 3:00

VOD

Have the link to the VOD?

Description

Time

  • Played on: Nov. 12, 2016, 3:33 p.m.
  • Length: 21:02
Show
View Real Time Build Order
Export as new Build Order

VaeVictis Zerg 

Build Orders: Hatch First 

Get SALT Encoding   

  12  0:01  Drone  
  13  0:11  Drone  
  14  0:23  Extractor  
  14  0:24  Drone  
  14  0:25  Drone, Extractor  
  16  0:29  Overlord  
  16  0:55  Drone  
  16  0:56  Drone  
  18  1:01  Drone, Hatchery  
  18  1:08  Drone  
  19  1:19  Spawning Pool  
  19  1:22  Drone  
  19  1:25  Extractor  
  18  1:29  Drone  
  19  1:40  Drone  
  20  1:50  Drone  
  21  2:01  Drone  
  22  2:13  Queen  
  22  2:14  Spore Crawler  
  23  2:16  Queen, Extractor  
  23  2:20  Zergling x4  
  26  2:28  Metabolic Boost  
  26  2:32  Drone x2  
  28  2:45  Overlord  
  28  3:04  Drone x4, Spore Crawler  
  28  3:05  Drone  
  32  3:12  Drone  
  33  3:27  Lair  
  33  3:35  Spore Crawler, Hatchery  
  33  3:36  Drone  
  33  3:37  Drone  
  33  3:48  Drone  
  33  3:49  Drone x2  
  33  3:53  Overlord  
  36  4:03  Overlord  
  36  4:16  Roach Warren  
  35  4:21  Drone x7  
  42  4:25  Extractor  
  42  4:31  Hydralisk Den  
  40  4:33  Drone x2  
  42  4:50  Drone x4  
  42  4:51  Drone x3  
  49  5:19  Evolution Chamber x2  
  49  5:20  Extractor  
  49  5:21  Drone x6  
  49  5:22  Drone x5  
  57  5:35  Spore Crawler, Queen  
  57  5:38  Overlord  
  58  5:45  Muscular Augments  
  58  5:46  Glial Reconstitution  
  58  5:57  Drone  
  58  5:58  Drone x6  
  58  5:59  Drone, Overlord  
  58  6:00  Overlord x2  
  66  6:06  Zerg Ground Armor Level 1  
  66  6:07  Zerg Missile Weapons Level 1  
  66  6:17  Overseer  
  66  6:19  Hydralisk x2  
  66  6:20  Roach x3  
  66  6:21  Roach  
  78  6:26  Infestation Pit  
  77  6:43  Spore Crawler  
  76  6:49  Hydralisk x5  
  76  6:50  Roach x2  
  76  6:51  Overlord x2  
  76  6:52  Overlord x2  
  90  7:04  Hive  
  90  7:08  Burrow  
  90  7:21  Drone x4  
  90  7:22  Drone x6  
  100  7:25  Extractor  
  100  7:27  Extractor  
  100  7:29  Lurker Den  
  98  7:45  Hydralisk x3, Roach  
  98  7:46  Hydralisk x2, Roach x4  
  118  8:21  Ultralisk Cavern  
  117  8:27  Zerg Ground Armor Level 2  
  117  8:28  Zerg Missile Weapons Level 2  
  117  8:32  Adrenal Glands  
  117  8:47  Evolution Chamber  
  116  9:05  Lurker  
  117  9:15  Overlord x5  
  117  9:16  Overlord x4  
  117  9:30  Spire  
  116  9:37  Zerg Melee Weapons Level 1  
  116  9:42  Ultralisk x4  
  116  9:43  Chitinous Plating  
  130  10:02  Hydralisk x4, Zergling x2  
  130  10:03  Roach x6, Zergling x14  
  130  10:04  Zergling x2  
  159  10:20  Ultralisk  
  133  10:51  Hydralisk x3, Roach, Zergling x4  
  133  10:52  Roach x3, Zergling x2  
  95  11:12  Hydralisk x3, Zergling x2  
  95  11:13  Roach x3, Zergling x4  
  110  11:27  Zerg Missile Weapons Level 3  
  110  11:28  Zerg Ground Armor Level 3  
  110  11:34  Ultralisk  
  116  11:48  Hydralisk x3, Zergling x2  
  116  11:49  Roach, Zergling x6  
  125  12:01  Hydralisk x3, Roach x2, Zergling x6  
  121  12:02  Roach  
  136  12:14  Zerg Melee Weapons Level 2  
  136  12:16  Overseer x2  
  136  12:34  Hydralisk  
  136  12:35  Hydralisk x3, Roach x3, Zergling x6  
  136  12:36  Roach x2  
  157  12:54  Ultralisk x2  
  169  13:21  Hydralisk x2, Roach, Zergling x4  
  169  13:22  Overlord x3  
  169  13:23  Overlord x5  
  176  13:39  Hydralisk x3  
  176  13:40  Roach x4, Zergling x4  
  116  14:00  Hydralisk x2  
  116  14:01  Hydralisk, Roach x3, Zergling x6  
  97  14:12  Hydralisk  
  97  14:13  Roach, Zergling x2  
  102  14:23  Hydralisk x3, Zergling x2  
  102  14:24  Roach x3, Zergling x4  
  115  14:28  Overseer x2  
  115  14:37  Hydralisk, Roach, Zergling x2  
Show
View Real Time Build Order
Export as new Build Order

Xpymct Zerg 

Build Orders: Hatch First, Lurkers, Zergling Baneling 

Get SALT Encoding   

  12  0:01  Drone  
  13  0:12  Drone  
  14  0:21  Overlord  
  14  0:45  Drone  
  14  0:48  Hatchery  
  14  0:49  Drone  
  15  0:54  Drone  
  16  1:10  Spawning Pool  
  15  1:20  Drone x2  
  15  1:21  Drone  
  15  1:24  Extractor  
  17  1:40  Drone  
  17  1:43  Drone  
  19  1:57  Queen  
  19  2:00  Queen  
  23  2:02  Drone  
  23  2:04  Drone  
  25  2:15  Drone  
  25  2:18  Drone  
  27  2:23  Overlord  
  27  2:25  Overlord  
  27  2:34  Drone  
  28  2:38  Metabolic Boost  
  28  2:56  Drone x2, Extractor  
  29  2:59  Overlord  
  29  3:04  Zergling x2  
  29  3:05  Zergling x2  
  31  3:14  Zergling x8  
  31  3:16  Zergling x2  
  31  3:17  Zergling x4  
  38  3:25  Zergling x2  
  38  3:26  Zergling x2  
  40  3:46  Baneling Nest  
  39  3:50  Zergling x2  
  39  3:51  Zergling x10  
  45  3:58  Drone  
  46  4:20  Drone x5  
  46  4:24  Lair  
  51  4:29  Extractor  
  49  4:38  Baneling x2  
  49  4:39  Baneling x5  
  49  4:40  Baneling x2  
  49  4:44  Zergling x4  
  49  4:45  Zergling x2  
  52  4:49  Overlord x3  
  52  4:50  Overlord x2  
  52  5:00  Extractor  
  46  5:19  Drone x3  
  49  5:23  Drone x6  
  49  5:28  Hydralisk Den  
  54  5:38  Drone  
  54  5:41  Drone x3  
  58  5:49  Drone  
  59  6:00  Lurker Den  
  59  6:02  Hydralisk x3  
  59  6:03  Hydralisk  
  67  6:06  Hydralisk x2  
  67  6:07  Hydralisk  
  73  6:28  Hydralisk x5  
  83  6:47  Overseer  
  83  6:48  Overseer  
  83  6:58  Hatchery  
  82  8:44  Lurker  
  82  8:45  Lurker x8  
  82  8:46  Lurker x3  
  94  8:49  Drone x3  
  94  8:52  Overlord x3  
  94  8:54  Overlord x3  
  97  9:00  Evolution Chamber  
  96  9:09  Queen  
  96  9:17  Drone x2  
  100  9:18  Extractor  
  100  9:21  Extractor  
  99  9:24  Drone x6  
  68  9:59  Hydralisk  
  68  10:00  Hydralisk x17  
  104  10:07  Drone x2  
  104  10:08  Drone  
  107  10:28  Muscular Augments  
  107  10:36  Spire  
  70  11:15  Lurker x6  
  70  11:16  Lurker x4  
  38  12:20  Drone x5  
  38  12:21  Drone x4  
  47  12:44  Hatchery  
  46  12:59  Hatchery  
  24  14:23  Hydralisk  
  21  14:24  Hydralisk x2  
  21  14:25  Hydralisk  
  29  14:54  Extractor  
  29  14:56  Extractor  
  29  14:58  Extractor  
Show
View Real Time Build Order
Export as new Build Order

TitanStorm Protoss 

Build Orders: Double Forge 

Get SALT Encoding   

  12  0:02  Probe (Chrono Boost)  
  13  0:12  Probe (Chrono Boost)  
  14  0:22  Pylon  
  14  0:27  Pylon  
  14  0:30  Probe (Chrono Boost)  
  15  0:41  Probe (Chrono Boost)  
  16  0:50  Gateway  
  16  0:59  Assimilator  
  16  1:03  Probe (Chrono Boost)  
  17  1:05  Pylon  
  17  1:35  Pylon  
  17  1:37  Forge  
  17  1:39  Forge  
  17  1:50  Cybernetics Core  
  17  2:15  Zealot  
  19  2:33  Nexus  
  19  2:35  Probe (Chrono Boost)  
  20  2:46  Mothership Core (Chrono Boost)  
  20  2:47  Stalker  
  24  2:51  Warp Gate (Chrono Boost)  
  24  3:04  Probe (Chrono Boost), Assimilator  
  25  3:15  Probe (Chrono Boost)  
  26  3:25  Probe (Chrono Boost)  
  27  3:36  Probe  
  28  3:45  Nexus  
  28  3:46  Probe  
  29  3:48  Probe  
  30  4:00  Pylon  
  30  4:04  Zealot  
  32  4:19  Probe (Chrono Boost)  
  32  4:20  Probe (Chrono Boost)  
  34  4:32  Probe (Chrono Boost)  
  34  4:34  Probe (Chrono Boost)  
  36  4:43  Probe (Chrono Boost)  
  37  4:51  Stargate x2  
  37  4:54  Stargate  
  37  4:59  Stargate  
  37  5:01  Probe (Chrono Boost)  
  37  5:06  Probe (Chrono Boost)  
  40  5:07  Probe (Chrono Boost)  
  40  5:12  Probe (Chrono Boost)  
  41  5:16  Probe (Chrono Boost)  
  41  5:17  Probe (Chrono Boost)  
  43  5:26  Probe (Chrono Boost)  
  43  5:27  Probe (Chrono Boost)  
  43  5:28  Probe (Chrono Boost)  
  46  5:36  Probe (Chrono Boost)  
  46  5:39  Pylon  
  46  5:42  Pylon  
  47  5:49  Pylon  
  47  5:53  Probe x3 (Chrono Boost)  
  47  5:55  Pylon  
  50  5:58  Pylon  
  50  6:00  Void Ray  
  54  6:15  Probe x3 (Chrono Boost)  
  57  6:21  Pylon  
  57  6:25  Probe x2 (Chrono Boost)  
  59  6:26  Probe (Chrono Boost)  
  59  6:31  Assimilator  
  60  6:35  Assimilator  
  60  6:36  Probe x3 (Chrono Boost), Assimilator  
  60  6:37  Protoss Air Weapons Level 1, Assimilator  
  63  6:42  Cybernetics Core  
  63  6:45  Photon Cannon  
  63  6:50  Photon Cannon  
  63  6:55  Probe x2 (Chrono Boost)  
  63  6:56  Probe (Chrono Boost)  
  63  6:57  Photon Cannon  
  63  7:00  Photon Cannon  
  66  7:06  Probe x2 (Chrono Boost)  
  68  7:14  Probe (Chrono Boost)  
  69  7:16  Probe x2 (Chrono Boost)  
  71  7:24  Probe (Chrono Boost), Void Ray x3  
  71  7:25  Void Ray  
  88  7:42  Fleet Beacon  
  88  7:46  Probe (Chrono Boost)  
  89  8:07  Void Ray  
  93  8:14  Void Ray  
  93  8:15  Void Ray  
  101  8:25  Protoss Air Armor Level 1 (Chrono Boost)  
  101  8:33  Graviton Catapult  
  101  8:51  Tempest  
  105  9:00  Protoss Air Weapons Level 2 (Chrono Boost)  
  105  9:15  Carrier  
  117  9:45  Void Ray  
  121  9:48  Void Ray  
  125  10:14  Carrier  
  131  10:24  Protoss Air Armor Level 2 (Chrono Boost)  
  131  11:07  Void Ray x2  
  131  11:10  Void Ray  
  127  11:38  Protoss Air Weapons Level 3 (Chrono Boost)  
  125  11:44  Void Ray (Chrono Boost)  
  129  11:50  Void Ray (Chrono Boost)  
  133  12:24  Protoss Shields Level 1  
  133  12:51  Pylon  
  133  12:54  Pylon  
  133  12:56  Pylon  
  133  12:59  Pylon  
  133  13:05  Pylon  
  133  13:07  Pylon  
  133  13:08  Pylon  
  133  13:10  Pylon  
  133  13:11  Pylon  
  149  13:13  Carrier (Chrono Boost), Pylon  
  149  13:18  Void Ray (Chrono Boost)  
  155  13:22  Carrier (Chrono Boost)  
  155  13:27  Carrier (Chrono Boost)  
  161  14:07  Carrier (Chrono Boost)  
  149  14:27  Void Ray (Chrono Boost)  
  161  14:46  Carrier (Chrono Boost)  
  161  14:52  Carrier (Chrono Boost)  
Show
View Real Time Build Order
Export as new Build Order

Seaflow Protoss - Winner!

Build Orders: Double Forge, Nexus First 

Get SALT Encoding   

  12  0:01  Probe (Chrono Boost)  
  13  0:11  Probe (Chrono Boost)  
  14  0:19  Pylon  
  14  0:22  Probe (Chrono Boost)  
  15  0:38  Probe (Chrono Boost)  
  16  0:48  Probe (Chrono Boost)  
  17  0:59  Probe (Chrono Boost)  
  18  1:04  Nexus  
  18  1:14  Gateway  
  18  1:16  Probe (Chrono Boost)  
  19  1:24  Assimilator  
  19  1:27  Assimilator  
  19  1:32  Probe (Chrono Boost)  
  20  1:42  Probe (Chrono Boost)  
  21  1:53  Probe (Chrono Boost)  
  22  1:54  Pylon  
  22  2:03  Probe (Chrono Boost)  
  22  2:06  Cybernetics Core  
  23  2:14  Probe (Chrono Boost)  
  24  2:16  Probe (Chrono Boost)  
  25  2:24  Probe (Chrono Boost)  
  25  2:27  Probe (Chrono Boost), Pylon  
  27  2:35  Probe (Chrono Boost)  
  28  2:37  Probe (Chrono Boost)  
  29  2:46  Mothership Core (Chrono Boost)  
  29  2:48  Robotics Facility, Probe (Chrono Boost)  
  29  2:51  Warp Gate (Chrono Boost)  
  32  2:57  Probe (Chrono Boost)  
  33  3:04  Probe  
  34  3:07  Probe  
  35  3:16  Probe  
  35  3:18  Probe  
  35  3:19  Gateway x2  
  37  3:22  Gateway  
  37  3:28  Probe x2, Gateway  
  39  3:34  Gateway  
  39  3:39  Probe  
  39  3:40  Probe  
  41  3:43  Assimilator  
  41  3:45  Assimilator  
  41  3:49  Probe  
  41  3:53  Probe  
  43  3:58  Forge  
  43  4:00  Forge  
  43  4:04  Twilight Council  
  43  4:05  Probe  
  43  4:07  Probe  
  45  4:13  Observer (Chrono Boost)  
  46  4:17  Probe  
  46  4:18  Probe  
  46  4:22  Pylon  
  46  4:24  Pylon  
  48  4:30  Probe x2  
  50  4:42  Nexus  
  50  4:43  Probe  
  50  4:44  Probe  
  52  4:48  Protoss Ground Weapons Level 1 (Chrono Boost)  
  52  4:49  Protoss Ground Armor Level 1 (Chrono Boost)  
  52  4:53  Blink (Chrono Boost)  
  52  4:55  Probe  
  54  5:00  Probe  
  54  5:04  Sentry  
  54  5:05  Sentry x3  
  62  5:08  Probe  
  62  5:09  Pylon  
  62  5:12  Probe  
  64  5:20  Probe  
  65  5:22  Pylon  
  65  5:23  Pylon  
  65  5:24  Probe  
  66  5:32  Probe  
  67  5:35  Pylon  
  67  5:36  Pylon  
  67  5:38  Probe  
  68  5:44  Probe  
  68  5:47  Assimilator  
  69  5:50  Probe  
  69  5:53  Assimilator  
  69  5:54  Gateway  
  69  5:56  Probe  
  71  5:57  Gateway  
  71  5:59  Gateway  
  71  6:01  Gateway  
  71  6:02  Probe  
  71  6:03  Probe  
  73  6:08  Probe  
  74  6:13  Probe  
  74  6:15  Probe  
  74  6:16  Protoss Ground Armor Level 2 (Chrono Boost), Protoss Ground Weapons Level 2 (Chrono Boost)  
  76  6:20  Nexus  
  76  6:23  Probe  
  77  6:39  Robotics Facility  
  77  6:40  Robotics Bay  
  77  6:47  Probe x3  
  77  6:54  Charge (Chrono Boost)  
  80  7:04  Warp Prism  
  82  7:08  Pylon  
  82  7:09  Pylon  
  82  7:11  Pylon  
  82  7:15  Pylon  
  82  7:17  Assimilator  
  82  7:19  Pylon  
  82  7:22  Assimilator, Pylon  
  82  7:32  Stalker  
  82  7:33  Stalker x6  
  82  7:34  Stalker x2  
  82  7:35  Stalker  
  102  7:47  Extended Thermal Lance  
  102  7:48  Colossus (Chrono Boost)  
  108  7:54  Colossus (Chrono Boost)  
  114  8:07  Probe  
  114  8:08  Protoss Ground Weapons Level 3  
  114  8:09  Protoss Ground Armor Level 3  
  115  8:17  Stalker  
  115  8:18  Stalker x4  
  115  8:19  Stalker x3  
  131  8:40  Colossus (Chrono Boost)  
  137  8:45  Colossus (Chrono Boost)  
  143  8:49  Pylon x2  
  143  9:05  Stalker x2  
  143  9:06  Stalker x4  
  143  9:07  Stalker  
  157  9:30  Stalker x3, Colossus (Chrono Boost)  
  169  9:32  Colossus (Chrono Boost)  
  169  9:33  Stalker  
  169  9:36  Stalker  
  179  9:40  Stalker  
  179  9:41  Stalker  
  155  10:00  Stalker x5  
  155  10:01  Stalker x2  
  161  10:18  Stalker x3  
  167  10:26  Stalker x5  
  167  10:27  Stalker  
  175  10:49  Stalker x2  
  163  10:50  Stalker x5  
  163  10:51  Stalker  
  162  11:11  Stalker x2  
  108  11:12  Stalker x2  
  108  11:13  Stalker x4  
  108  11:15  Stalker  
  108  11:18  Stalker  
  92  11:25  Templar Archives  
  92  11:43  Stalker x3  
  92  11:44  Stalker x5  
  106  12:06  High Templar x5  
  106  12:07  High Templar x5  
  126  12:10  Archon x3  
  126  12:11  Archon x2  
  126  12:31  Colossus x2 (Chrono Boost)  
  126  12:32  Nexus  
  126  12:33  Pylon  
  126  12:35  Pylon  
  138  12:40  Zealot x3  
  138  12:41  High Templar x2  
  138  12:42  Zealot x3  
  138  12:43  Zealot x2  
  158  12:47  Archon  
  158  13:03  Assimilator  
  158  13:08  Assimilator  
  158  13:12  High Templar  
  158  13:13  High Templar  
  158  13:14  Zealot x5  
  158  13:16  Archon  
  158  13:17  Colossus x2 (Chrono Boost)  
  184  13:26  Mothership Core  
  160  13:45  Stalker x3  
  160  13:46  Stalker x5  
  160  13:47  Stalker x2  
  140  14:10  Zealot  
  140  14:11  Zealot x5  
  140  14:12  Zealot x4  
  160  14:35  High Templar x5  
  160  14:36  High Templar x3  
  176  14:40  Archon x3  
  176  14:41  Archon  
  176  14:42  Zealot x2  
  168  15:03  Stalker x2  
  160  15:15  Stalker x4  
  160  15:16  Stalker x4  
  174  16:30  Stalker x2  
  174  16:31  Stalker x4  
  174  16:32  Stalker x4  
  144  16:56  Stalker x4  
  144  16:57  Stalker x6  
  92  17:20  Stalker x2  
  92  17:21  Stalker x5  
  92  17:22  Stalker x3  
  92  17:42  Stalker  
  92  17:43  Stalker x5  
  104  17:44  Stalker  
  104  17:45  Stalker x3  
  112  18:04  Stalker  
  112  18:05  Stalker x3  
  120  18:06  Stalker  
  120  18:07  Stalker x2  
  120  18:08  Stalker x2  
  120  18:09  Stalker  
  78  18:41  Stalker  
  78  18:42  Stalker x5  
  78  18:43  Stalker x2  
  78  18:44  Stalker x2  
  72  19:03  Stalker x3  
  72  19:05  Stalker x2  
  72  19:06  Stalker x2  
  72  19:07  Stalker x2  
  88  19:24  Pylon  
  87  19:25  Pylon  
  68  19:43  Stalker x4  
  76  19:56  Stalker  
  76  19:57  Stalker  
  80  20:06  Stalker  
  80  20:07  Stalker x3  
  84  20:46  Pylon  
  84  20:47  Pylon  
  84  20:48  Pylon x2  
  84  20:50  Pylon  
Show
View Real Time Build Order
Export as new Build Order

DeMonSter Protoss - Winner!

Build Orders:  

Get SALT Encoding   

  12  0:01  Probe (Chrono Boost)  
  13  0:11  Probe (Chrono Boost)  
  14  0:20  Pylon  
  14  0:22  Probe (Chrono Boost)  
  15  0:38  Probe (Chrono Boost)  
  15  0:39  Gateway  
  16  0:45  Assimilator  
  16  0:49  Probe (Chrono Boost)  
  17  1:00  Probe (Chrono Boost)  
  18  1:10  Probe (Chrono Boost)  
  19  1:21  Probe (Chrono Boost)  
  20  1:28  Cybernetics Core  
  20  1:31  Probe (Chrono Boost)  
  21  1:34  Gateway  
  21  1:42  Probe (Chrono Boost)  
  22  1:53  Probe (Chrono Boost)  
  23  1:56  Assimilator  
  23  1:58  Pylon  
  23  2:05  Warp Gate (Chrono Boost)  
  23  2:22  Mothership Core, Adept x2  
  29  2:54  Nexus  
  29  3:00  Pylon  
  29  3:01  Probe  
  29  3:04  Adept  
  31  3:19  Gateway  
  31  3:30  Pylon  
  31  3:37  Probe  
  32  3:41  Twilight Council  
  32  3:49  Probe  
  33  4:12  Probe  
  33  4:13  Probe  
  33  4:15  Gateway  
  35  4:18  Blink (Chrono Boost)  
  35  4:23  Probe  
  35  4:27  Probe  
  37  4:35  Sentry x2  
  41  4:40  Probe  
  41  4:41  Probe  
  43  4:47  Stalker  
  43  4:50  Probe  
  46  4:53  Probe  
  47  5:01  Probe  
  47  5:03  Adept x2  
  52  5:11  Sentry  
  50  5:15  Probe  
  50  5:16  Probe  
  52  5:22  Assimilator  
  52  5:25  Probe  
  52  5:27  Assimilator  
  53  5:36  Robotics Facility, Probe  
  53  5:38  Probe  
  55  5:48  Probe  
  56  5:52  Pylon  
  56  5:57  Adept x3  
  62  6:09  Probe  
  62  6:10  Probe  
  64  6:13  Pylon  
  64  6:15  Forge, Pylon  
  64  6:17  Pylon  
  64  6:20  Forge  
  64  6:47  Probe  
  64  6:48  Probe  
  64  6:53  Protoss Ground Weapons Level 1 (Chrono Boost), Protoss Ground Armor Level 1 (Chrono Boost)  
  66  6:55  Observer  
  66  7:00  Probe  
  68  7:05  Gateway x2  
  68  7:08  Gateway  
  68  7:10  Gateway  
  68  7:13  Robotics Facility  
  68  7:14  Robotics Bay, Probe x2  
  70  7:18  Resonating Glaives  
  72  7:45  Observer  
  71  8:03  Extended Thermal Lance  
  71  8:07  Colossus x2 (Chrono Boost)  
  83  8:21  Probe  
  83  8:22  Probe  
  85  8:31  Stalker x3  
  91  8:38  Gateway  
  91  8:43  Protoss Ground Armor Level 2, Protoss Ground Weapons Level 2  
  91  8:50  Gateway  
  91  8:54  Gateway  
  91  8:55  Zealot  
  93  10:05  Pylon  
  93  10:07  Pylon  
  93  10:08  Pylon x2  
  93  10:09  Pylon  
  93  10:14  Pylon  
  93  10:16  Pylon  
  93  10:20  Nexus  
  93  10:24  Colossus (Chrono Boost)  
  93  10:26  Colossus (Chrono Boost), Templar Archives  
  93  10:27  Zealot x2  
  93  10:28  Zealot x6  
  115  10:29  Zealot x3  
  127  11:03  Protoss Ground Weapons Level 3 (Chrono Boost)  
  127  11:04  Protoss Ground Armor Level 3 (Chrono Boost)  
  127  11:10  Photon Cannon  
  127  11:12  Photon Cannon  
  127  11:13  Photon Cannon  
  127  11:14  Colossus x2 (Chrono Boost)  
  127  11:15  Photon Cannon  
  139  11:19  Assimilator  
  139  11:25  Assimilator  
  139  11:35  Psionic Storm  
  93  12:01  Stalker  
  93  12:02  Stalker x2  
  99  12:23  Stalker x2  
  99  12:24  Stalker x3  
  99  12:25  Stalker  
  111  12:30  Charge  
  111  12:52  Zealot x5  
  111  12:53  Zealot x5  
  111  12:54  Zealot  
  133  13:17  High Templar x6  
  133  13:18  High Templar x3  
  151  13:21  Archon x3  
  151  13:22  Archon  
  151  13:27  High Templar  
  151  13:32  Archon  
  153  13:56  Stalker  
  129  14:16  High Templar x4  
  115  14:22  Archon x2  
  93  14:29  Stalker x3  
  89  14:41  Protoss Shields Level 1 (Chrono Boost)  
  66  15:47  Stalker x2  
  66  15:48  Stalker x2  
  74  15:53  Stalker  
  76  15:59  Stalker  
  76  16:00  Stalker  
  80  16:10  Stalker x3  
  65  17:08  High Templar x6  
  71  17:09  High Templar  
  71  17:12  Archon x2  
  71  17:13  Archon  
Show
View Real Time Build Order
Export as new Build Order

Amix Protoss - Winner!

Build Orders:  

Get SALT Encoding   

  12  0:06  Probe (Chrono Boost)  
  13  0:23  Pylon  
  13  0:25  Probe (Chrono Boost)  
  14  0:35  Probe (Chrono Boost)  
  15  0:43  Gateway  
  15  0:45  Pylon  
  15  0:50  Pylon  
  15  0:51  Probe (Chrono Boost)  
  16  1:03  Probe (Chrono Boost)  
  17  1:10  Assimilator  
  17  1:13  Probe (Chrono Boost)  
  18  1:25  Gateway  
  18  1:31  Zealot  
  18  1:32  Probe (Chrono Boost)  
  21  1:48  Probe (Chrono Boost)  
  21  1:50  Cybernetics Core  
  22  1:58  Zealot  
  22  1:59  Probe (Chrono Boost)  
  25  2:05  Assimilator  
  25  2:09  Probe (Chrono Boost)  
  25  2:11  Pylon  
  26  2:20  Probe (Chrono Boost)  
  27  2:36  Nexus  
  27  2:41  Pylon  
  28  2:46  Mothership Core (Chrono Boost)  
  28  2:51  Warp Gate (Chrono Boost)  
  29  3:06  Probe  
  30  3:18  Probe  
  31  3:30  Probe  
  31  3:32  Stalker  
  34  3:35  Stalker  
  34  3:38  Pylon  
  36  3:41  Pylon  
  36  3:58  Assimilator x2  
  36  4:01  Probe  
  36  4:03  Probe  
  36  4:05  Stalker  
  36  4:06  Stalker  
  42  4:12  Probe  
  42  4:15  Probe  
  44  4:21  Forge  
  44  4:24  Stargate  
  44  4:35  Stalker  
  46  4:47  Probe  
  46  4:48  Probe  
  48  4:57  Probe  
  49  5:00  Probe  
  50  5:07  Gateway  
  50  5:08  Probe  
  50  5:09  Gateway  
  50  5:12  Probe  
  52  5:18  Probe  
  53  5:24  Probe  
  54  5:29  Photon Cannon, Probe  
  55  5:37  Probe  
  55  5:39  Probe, Void Ray  
  61  5:49  Probe  
  62  5:50  Probe  
  63  6:00  Probe  
  63  6:01  Probe  
  63  6:03  Gateway  
  65  6:04  Gateway  
  65  6:07  Gateway  
  65  6:11  Probe  
  65  6:13  Stalker, Probe  
  65  6:14  Stalker x3  
  75  6:24  Protoss Ground Weapons Level 1 (Chrono Boost)  
  75  6:30  Probe  
  75  6:31  Probe  
  77  6:39  Pylon  
  77  6:40  Pylon  
  77  6:42  Pylon  
  77  6:57  Photon Cannon  
  77  6:59  Photon Cannon  
  77  7:04  Photon Cannon  
  77  7:05  Photon Cannon  
  77  7:07  Probe  
  77  7:08  Probe  
  79  7:13  Photon Cannon  
  79  7:15  Photon Cannon  
  79  7:18  Photon Cannon  
  79  7:20  Probe  
  79  7:21  Photon Cannon  
  80  7:50  Robotics Facility, Void Ray (Chrono Boost)  
  84  8:03  Pylon  
  84  8:04  Pylon  
  84  8:06  Protoss Ground Armor Level 1, Pylon  
  84  8:08  Pylon  
  84  8:17  Stalker x2  
  84  8:18  Stalker  
  84  8:19  Stalker x2  
  94  8:20  Stalker  
  96  8:29  Void Ray (Chrono Boost)  
  100  8:48  Zealot x3  
  100  8:49  Zealot x4  
  114  9:06  Void Ray (Chrono Boost)  
  118  9:13  Gateway  
  118  9:16  Gateway  
  118  9:21  Gateway  
  118  9:43  Void Ray (Chrono Boost)  
  122  9:59  Adept  
  124  10:00  Adept x4  
  124  10:01  Adept  
  134  10:08  Pylon  
  134  10:09  Pylon  
  134  10:10  Pylon x2  
  134  10:27  Protoss Shields Level 1  
  134  10:36  Twilight Council  
  134  10:45  Adept x2  
  134  10:46  Adept x4  
  134  10:47  Adept  
  148  11:24  Stalker x4  
  148  11:25  Stalker x3  
  100  12:12  Void Ray (Chrono Boost)  
  104  12:49  Void Ray (Chrono Boost)  
  107  13:26  Void Ray (Chrono Boost)  
  111  13:29  Protoss Ground Weapons Level 2 (Chrono Boost)  
  107  14:07  Void Ray  
  69  14:30  Stalker x4  
  69  14:31  Stalker x2  
  69  14:32  Stalker x4  
  81  14:50  Void Ray  
  85  14:59  Stalker x3  
  77  15:00  Stalker x2  
  42  15:30  Protoss Ground Armor Level 2 (Chrono Boost)  
  40  15:50  Stalker  
  40  15:51  Stalker x2  
  40  15:54  Stalker  
  6  17:28  Protoss Shields Level 2 (Chrono Boost)  
Tags
 
Add a new tag
Caveats
  • Supply blocks, unpowered buildings, or Contaminate may cause inaccurate times.
  • Supply counts are checked every 10 seconds.